 Dungeon Crawl Stone Soup version 0.28.0-53-g5a82cb258f (webtiles) character file.

Game seed: 15505499417174243193

70 Descartes the Cutter (level 4, -8/23 HPs)
             Began as a Vine Stalker Chaos Knight on May 21, 2022.
             Was a Plaything of Xom.
             Mangled by Sigmund
             ... wielding a +0 scythe of protection
              (12 damage)
             ... on level 2 of the Dungeon.
             The game lasted 00:02:36 (1282 turns).

Descartes the Cutter (Vine Stalker Chaos Knight)    Turns: 1282, Time: 00:02:36

Health: -8/23      AC:  5    Str: 16    XL:     4   Next: 22%
Magic:  0/5        EV: 11    Int: 12    God:    Xom [*.....]
Gold:   50         SH:  0    Dex: 14    Spells: 3/3 levels left

rFire   . . .      SeeInvis .   a - +0 short sword (chaos)
rCold   . . .      Faith    .   (no shield)
rNeg    . . .      Spirit   +   b - +2 leather armour
rPois   .          Reflect  .   (no helmet)
rElec   .          Harm     .   (no cloak)
rCorr   .          Rampage  .   (no gloves)
Will    .....                   (no boots)
Stlth   ++........              (no amulet)
HPRegen 0.87/turn               (no ring)
MPRegen 0.09/turn               (no ring)

@: no status effects
A: fangs 2, regeneration 1, magic shield, antimagic bite, no potion heal 2
a: Renounce Religion


You were on level 2 of the Dungeon.
You worshipped Xom.
You were a special plaything of Xom.
You visited 1 branch of the dungeon, and saw 2 of its levels.

You collected 50 gold pieces.

Inventory:

Hand Weapons
 a - a +0 short sword of chaos (weapon)
 n - a +2 dagger of electrocution
Missiles
 c - 5 boomerangs (quivered)
 d - 42 stones
 e - 11 sling bullets
 f - 18 arrows
Armour
 b - a +2 leather armour (worn)
Scrolls
 g - a scroll of teleportation {unknown}
 h - a scroll of enchant weapon {unknown}
 i - a scroll of torment {unknown}
 k - a scroll of identify {unknown}
Potions
 j - a potion of curing {unknown}
 l - a potion of cancellation {unknown}
 m - a potion of attraction {unknown}


   Skills:
 - Level 2.7 Fighting
 + Level 3.6 Short Blades
 - Level 1.6 Armour
 - Level 0.8 Dodging
 + Level 3.2 Stealth


You had 3 spell levels left.
You didn't know any spells.
Your spell library was empty.

Dungeon Overview and Level Annotations

Branches:
Dungeon (2/15)

Altars:

Shops:
D:2 *

Annotations:
D:2 Sigmund


Innate Abilities, Weirdness & Mutations

You have extremely sharp teeth.
Your natural rate of healing is unusually fast.
When hurt, damage is shared between your health and your magic reserves.
Your bite disrupts and absorbs the magic of your enemies.
Potions cannot restore your health.


Message History

You hit Sigmund. Lightning courses through Sigmund!
Sigmund is heavily wounded.
You barely miss Sigmund. You punch Sigmund. Your bite misses Sigmund.
Sigmund is heavily wounded.
Sigmund points at you and mumbles some strange words.
You are confused.
You are too confused!
You are too confused!
You are too confused!
You are too confused!
You are too confused!
You are too confused!
You are too confused!
You are too confused!
You are too confused!
Unknown command.
You bump into the rock wall.
Sigmund gestures wildly while chanting.
Sigmund flickers and vanishes!
Deactivating autopickup; reactivate with Ctrl-A.
You bump into the rock wall.
Something hits you!
Your +2 dagger of electrocution stops crackling.
Your +0 short sword of chaos is briefly surrounded by a scintillating aura of random colours.
a - a +0 short sword of chaos (weapon)
You miss something. Your bite misses something.
Something hits you but does no damage.
You barely miss something. Your bite misses something. Something hits you.
A shower of butterflies erupts from you!
Are you sure you want to stumble around while confused and next to your butterfly? [Y]es or [N]o only, please.
Are you sure you want to stumble around while confused and next to your butterfly?
You're too confused to move!
You feel less confused.
You miss something. Your bite misses something.
You hit something but do no damage. Your bite misses something.
Something hits you!
* * * LOW HITPOINT WARNING * * *
Something hits you!
Ouch! That really hurt!
You die...

## .# .# (# ##.##
#.#####...####
#b.{.@.b.....#
#b.####b..##.# #####
##...##.# ##...##
##.....#.#
#.###.###........##### ##
#.# #....<...........####.
#.###.##..................
#
##...###.#.....#.###.####.
#.##.#.###.##...##.# #†#
##


There were no monsters in sight!

Vanquished Creatures
  2 adders (D:2)
  A worm (D:2)
  A dart slug (D:1)
  An orc (D:2)
  4 ball pythons (D:1)
  3 bats (D:1)
  4 endoplasms
  4 giant cockroaches
  4 hobgoblins
  6 kobolds
  4 quokkas
  A frilled lizard (D:1)
  3 goblins (D:1)
  2 rats
40 creatures vanquished.

Notes
Turn   | Place    | Note
-------+----------+-------------------------------------------
     0 | D:1      | Descartes the Vine Stalker Chaos Knight began the quest for
                  | the Orb.
     0 | D:1      | Reached XP level 1. HP: 11/11 MP: 2/2
    23 | D:1      | XOM: silly message
    71 | D:1      | Reached skill level 1 in Stealth
    71 | D:1      | Reached XP level 2. HP: 13/16 MP: 1/3
   322 | D:1      | XOM: smoke on damage
   358 | D:1      | XOM: silly message
   385 | D:1      | XOM: noise
   406 | D:1      | XOM: noise
   411 | D:1      | Reached XP level 3. HP: 19/19 MP: 4/4
   568 | D:1      | Found a faded altar of an unknown god.
   892 | D:2      | XOM: cast spell 'Leda's Liquefaction'
  1008 | D:2      | XOM: cloud trail
  1040 | D:2      | Found Saoni's Assorted Antiques.
  1044 | D:2      | XOM: noise
  1160 | D:2      | Gained mutation: Your natural rate of healing is unusually
                  | fast. [Vine Stalker growth]
  1160 | D:2      | Reached XP level 4. HP: 23/23 MP: 5/5
  1196 | D:2      | XOM: noise
  1226 | D:2      | XOM: smoke on damage
  1236 | D:2      | XOM: noise
  1268 | D:2      | Noticed Sigmund
  1278 | D:2      | XOM: butterfly on damage
  1282 | D:2      | Mangled by Sigmund

Illustrated notes

Levels and vault maps discovered:
D:1:      nicolae_arrival_memento_mori, layout_rooms,
          chequers_ecumenical_altar_simple
D:2:      layout_loops_ring, serial_shops, shop, uniq_sigmund

Skill      XL: |  1  2  3 |
---------------+----------+-----
Stealth        | 1 2 3 |  3.2
Short Blades   | 3 |  3.6
Fighting       | |  2.7
Armour         | |  1.6
Dodging        | |  0.8

Action                   |  1- 3 |  4- 6 || total
-------------------------+-------+-------++-------
Melee: Short sword       |   104 |    19 ||   123
       Bite              |    26 |     5 ||    31
       Punch             |     1 |     1 ||     2
       Dagger            |       |     4 ||     4
 Stab: Sleeping          |     2 |       ||     2
       Distracted        |     1 |       ||     1
       Paralysed         |     1 |       ||     1
Armor: Leather armour    |    34 |     6 ||    40
Dodge: Dodged            |    43 |     7 ||    50
